 Dungeon Crawl Stone Soup version 0.30-a0-283-gf371ce1921 (webtiles) character file.

Game seed: 6977749750030000939

1011 Bnni the Shooter (level 8, -1/63 HPs)
             Began as a Formicid Hunter on Oct 17, 2022.
             Was a Follower of Dithmenos.
             Slain by a killer bee (5 damage)
             ... on level 5 of the Dungeon.
             The game lasted 00:09:33 (3625 turns).

Bnni the Shooter (Formicid Hunter)                  Turns: 3625, Time: 00:09:34

Health: -1/63      AC:  5    Str: 16    XL:     8   Next: 44%
Magic:  2/2        EV: 12    Int:  9    God:    Dithmenos [*.....]
Gold:   217        SH:  0    Dex: 19    Spells: 7/7 levels left

rFire   + + .      SeeInvis +    r - +2 rapier (antimagic)
rCold   + . .      Faith    .    (no shield)
rNeg    . . .      Spirit   .    z - +2 robe {rC+ rF+}
rPois   .          Reflect  .    (helmet unavailable)
rElec   .          Harm     .    l - scarf {repulsion}
rCorr   .          Rampage  .    (no gloves)
Will    .....                    x - +0 pair of boots
Stlth   ++........               (no amulet)
HPRegen 0.30/turn                k - ring of flight
MPRegen 0.08/turn                f - ring of protection from fire

@: flying, wreathed by umbra, repel missiles
A: permanent stasis, dig shafts and tunnels, antennae 3, four strong arms
a: Dig, Shaft Self, Renounce Religion


You were on level 5 of the Dungeon.
You worshipped Dithmenos.
Dithmenos was aware of your devotion.
You visited 1 branch of the dungeon, and saw 5 of its levels.

You collected 217 gold pieces.

Inventory:

Hand Weapons
 a - a +0 shortbow
 q - a +0 quick blade
 r - a +2 antimagic rapier (weapon)
Missiles
 D - 2 poisoned darts
Armour
 j - a +0 kite shield
 l - a scarf of repulsion (worn)
 x - a +0 pair of boots (worn)
 z - a +2 robe of resistance (worn)
Jewellery
 f - a ring of protection from fire (right hand)
 g - a ring of fire
 k - a ring of flight (left hand)
Wands
 c - a wand of mindburst (9)
Scrolls
 b - a scroll of immolation
 e - 2 scrolls of identify {unknown}
 h - a scroll of magic mapping {unknown}
 i - 3 scrolls of vulnerability {unknown}
 s - a scroll of torment {unknown}
 t - 2 scrolls of teleportation {unknown}
 y - a scroll of butterflies {unknown}
 B - a scroll of fear {unknown}
Potions
 m - 2 potions of haste {unknown}
 n - a potion of mutation {unknown}
 o - a potion of magic {unknown}
 p - a potion of cancellation {unknown}
 u - a potion of degeneration {unknown}
 v - a potion of berserk rage {unknown}
 A - a potion of lignification {unknown}
 C - a potion of might {unknown}


   Skills:
 + Level 5.4 Fighting
 * Level 7.7 Ranged Weapons
 - Level 3.1 Armour
 - Level 1.7 Dodging
 - Level 1.5 Stealth
 + Level 4.1 Shields


You had 7 spell levels left.
You didn't know any spells.
Your spell library contained the following spells:

 Spells                   Type           Power      Damage    Failure   Level
 Freeze                   Ice            0%         1d3       38%         1
 Ensorcelled Hibernation  Hex/Ice        0%         N/A       52%         2
 Passwall                 Tmut/Erth      0%         N/A       52%         2
 Dazzling Flash           Conj/Hex       0%         N/A       77%         3
 Frozen Ramparts          Ice            0%         1d1       77%         3
 Hailstorm                Conj/Ice       0%         3d3       77%         3
 Iskenderun's Mystic Bla  Conj/Tloc      0%         2d3       99%         4
 Starburst                Conj/Fire      0%         6d3       100%        6
 Swiftness                Air            Unusable   N/A       N/A         3

Dungeon Overview and Level Annotations

Branches:
Dungeon (5/15)
 Temple: D:4-7

Altars:
Dithmenos
Hepliaklqana
Kikubaaqudgha
Uskayaw
Vehumet
The Shining One


Innate Abilities, Weirdness & Mutations

You cannot be hasted, slowed, berserked, paralysed or teleported.
You can dig through walls and to a lower floor.
You have a pair of large antennae on your head. (SInv)
Your four strong arms can wield two-handed weapons with a shield.


Message History

Press: ? - help, Q - select action, (/) - cycle Shift-Dir - straight line, f/p - killer bee
Aim: a killer bee (almost dead, umbra, 42% to hit)
You shoot an arrow.
The arrow closely misses the killer bee.
The killer bee closely misses you. The killer bee misses you.
The killer bee closely misses you. The killer bee stings you.
* * * LOW HITPOINT WARNING * * *
You are poisoned.
The killer bee poisons you!
Unknown command.
Fire: a) +0 shortbow
Press: ? - help, Q - select action, (/) - cycle Shift-Dir - straight line, f/p - killer bee
Aim: a killer bee (almost dead, umbra, 42% to hit)
You shoot an arrow. The arrow barely misses the killer bee.
You feel sick. The killer bee barely misses you. x2
The killer bee stings you!
* * * LOW HITPOINT WARNING * * *
The killer bee closely misses you. x2; The killer bee stings you.
* * * LOW HITPOINT WARNING * * *
You feel better. The killer bee closely misses you. x2
The killer bee barely misses you. The killer bee closely misses you.
You feel magic leave you.
r - a +2 antimagic rapier (weapon)
The killer bee misses you. The killer bee stings you.
* * * LOW HITPOINT WARNING * * *
You puncture the killer bee!
You kill the killer bee!
Dithmenos accepts your kill. The killer bee completely misses you.
The killer bee misses you.
You feel better. The killer bee stings you!
* * * LOW HITPOINT WARNING * * *
The killer bee barely misses you.
You miss the killer bee.
The killer bee stings you but does no damage.
The killer bee closely misses you.
Okay, then.
You feel better. The killer bee stings you!
* * * LOW HITPOINT WARNING * * *
The killer bee stings you.
You die...

#...######........#
#...>...........##
##...####...##.##
#(.## ##.##### #.##
#.# . ##.# #.# #..
#..## #.# #..##...#
#.# #..†@..# #.##
##.y....# #..##
##.......# ##..##
#.......# ##..#
#####...# ##.# ####
###


You could see a killer bee.

Vanquished Creatures
  Grinder (D:4)
  An ogre (D:5)
  A phantom (D:4)
  Blork the orc (D:4)
  2 necrophages
  A scorpion (D:5)
  2 killer bees (D:5)
  Crazy Yiuf (D:4)
  A hound (D:4)
  2 iguanas (D:4)
  2 orc wizards
  5 adders
  An ufetubus (D:5)
  4 worms
  A dart slug (D:1)
  10 orcs
  5 ball pythons
  2 bats
  6 endoplasms
  A giant cockroach (D:4)
  A goblin (D:1)
  7 hobgoblins
  4 jackals (D:2)
  7 kobolds
  7 quokkas
  4 frilled lizards
  3 rats
83 creatures vanquished.

Vanquished Creatures (others)
  A human (D:4)
  7 plants (D:4)
8 creatures vanquished.

Grand Total: 91 creatures vanquished

Notes
Turn   | Place    | Note
-------+----------+-------------------------------------------
     0 | D:1      | Bnni the Formicid Hunter began the quest for the Orb.
     0 | D:1      | Reached XP level 1. HP: 16/16 MP: 1/1
   290 | D:1      | Reached XP level 2. HP: 23/23 MP: 2/2
   413 | D:1      | Found a faded altar of an unknown god.
   901 | D:2      | Reached skill level 1 in Armour
   901 | D:2      | Reached XP level 3. HP: 28/28 MP: 3/3
   923 | D:2      | You fall into a shaft and drop 2 floors!
  1000 | D:4      | Noticed a phantom
  1069 | D:3      | Reached XP level 4. HP: 27/34 MP: 4/4
  1387 | D:2      | Reached skill level 5 in Ranged Weapons
  1405 | D:2      | Reached XP level 5. HP: 35/41 MP: 5/5
  2314 | D:3      | Found a shadowy altar of Dithmenos.
  2315 | D:3      | Found a glowing golden altar of the Shining One.
  2316 | D:3      | Found a radiant altar of Vehumet.
  2316 | D:3      | Found a hide-covered altar of Uskayaw.
  2323 | D:3      | Became a worshipper of Dithmenos the Shadowed
  2357 | D:4      | Noticed Grinder
  2357 | D:4      | Noticed Blork the orc
  2449 | D:4      | Reached XP level 6. HP: 40/47 MP: 6/6
  2478 | D:4      | Found an ancient bone altar of Kikubaaqudgha.
  2483 | D:4      | Noticed a human
  2488 | D:4      | Killed a human
  2587 | D:4      | Killed Blork the orc
  2738 | D:4      | Reached skill level 6 in Ranged Weapons
  2821 | D:4      | Reached skill level 1 in Shields
  2821 | D:4      | Reached XP level 7. HP: 46/54 MP: 7/7
  2860 | D:4      | Killed Grinder
  2887 | D:4      | Reached * piety under Dithmenos
  3026 | D:4      | Found a runed translucent door.
  3027 | D:4      | Noticed Crazy Yiuf
  3036 | D:4      | Killed Crazy Yiuf
  3037 | D:4      | Reached skill level 7 in Ranged Weapons
  3188 | D:4      | Found a hazy altar of Hepliaklqana.
  3207 | D:4      | Reached XP level 8. HP: 52/61 MP: 8/8
  3376 | D:5      | Entered Level 5 of the Dungeon
  3410 | D:5      | Reached skill level 5 in Fighting
  3619 | D:5      | HP: 3/62 [killer bee (6)]
  3625 | D:5      | Slain by a killer bee

Illustrated notes

Levels and vault maps discovered:
D:1:      sevenhm_arrival_forest_fort_large_4, layout_basic,
          hellmonk_ecumenical_altar_zigzags, kennysheep_small_spiral,
          minmay_ruptured
D:2:      layout_basic
D:3:      layout_basic, mainiacjoe_overflow_alcove_3
D:4:      layout_cave_pools, nicolae_hepliaklqana_hazy_memory,
          tgw_kikubaaqudgha, minmay_misc_feat_enclosed, minmay_misc_feat_cross,
          uniq_crazy_yiuf_cottage, uniq_grinder, uniq_blork_the_orc
D:5:      layout_layer_cave

Skill      XL: |  1  2  3  4  5  6  7  8 |
---------------+-------------------------+-----
Armour         | 1 2 3 |  3.1
Fighting       | 3 4 5 |  5.4
Ranged Weapons | 5 6 7 |  7.7
Shields        | 1 3 4 |  4.1
Dodging        | |  1.7
Stealth        | |  1.5

Action                   |  1- 3 |  4- 6 |  7- 9 || total
-------------------------+-------+-------+-------++-------
Melee: Rapier            |       |       |    27 ||    27
 Fire: Shortbow          |    34 |   186 |    59 ||   279
Throw: Dart              |       |       |     1 ||     1
 Abil: Dig               |       |     1 |       ||     1
  Use: Potion            |       |       |     6 ||     6
Armor: Leather armour    |     2 |     7 |       ||     9
       Ring mail         |       |     8 |       ||     8
       Robe              |       |       |    15 ||    15
Dodge: Dodged            |     2 |    46 |    61 ||   109
       Repelled          |       |     1 |       ||     1

Table legend: (Time is in decaauts)
 A = Elapsed time spent in this place.
 B = Non-inter-level travel time spent in this place.
 C = Inter-level travel time spent in this place.
 D = Time resting spent in this place.
 E = Time spent auto-exploring this place.
 F = Levels seen in this place.
 G = Mean time per level.
                   A        B        C        D        E       F      G
               +--------+--------+--------+--------+--------+-----+--------+
         Total |   3698 |   3509 |    189 |    156 |   2507 |   5 |  739.6 |
       Dungeon |   3698 |   3509 |    189 |    156 |   2507 |   5 |  739.6 |
               +--------+--------+--------+--------+--------+-----+--------+

Top non-repeatable levels by time:
     D:4: 1132 daAuts
     D:3: 874 daAuts
     D:1: 862 daAuts
     D:2: 575 daAuts
     D:5: 253 daAuts
